 Dungeon Crawl Stone Soup version 0.27.1-34-g3ba077fa99 (webtiles) character file.

Game seed: 4458907854712517326

4 cbfl8 the Sneak (level 1, -3/19 HPs)
             Began as a Minotaur Delver on Jan 17, 2022.
             Slain by an iron imp (10 damage)
             ... on level 4 of the Dungeon.
             The game lasted 00:01:06 (558 turns).

cbfl8 the Sneak (Minotaur Delver)                    Turns: 558, Time: 00:01:07

Health: -3/19      AC:  3    Str: 16    XL:     1   Next: 50%
Magic:  0/0        EV: 11    Int:  7    God:
Gold:   0          SH:  0    Dex: 11    Spells: 0/0 levels left

rFire    . . .     SeeInvis .   a - +0 hand axe
rCold    . . .     Faith    .   (no shield)
rNeg     . . .     Spirit   .   b - +0 leather armour
rPois    .         Reflect  .   (helmet restricted)
rElec    .         Harm     .   (no cloak)
rCorr    .         Rampage  .   (no gloves)
Will     .....                  (no boots)
Stlth    ++........             (no amulet)
HPRegen  0.06/turn              (no ring)
MPRegen  0.07/turn              (no ring)

@: hasted, very quick
A: horns 2, retaliatory headbutt
a: no special abilities


You were on level 4 of the Dungeon.
You visited 1 branch of the dungeon, and saw 2 of its levels.

Inventory:

Hand Weapons
 a - a +0 hand axe (weapon)
Armour
 b - a +0 leather armour (worn)
Wands
 g - a wand of digging (3)
Scrolls
 d - a scroll of magic mapping
 e - a scroll of fear
Potions
 h - a potion of might {unknown}
 i - a potion of degeneration {unknown}
 j - a potion of curing {unknown}


   Skills:
 + Level 3.6 Fighting
 + Level 2.6 Axes
 + Level 2.2 Dodging
 + Level 4.2 Stealth


You couldn't memorise any spells.
You didn't know any spells.
Your spell library was empty.

Dungeon Overview and Level Annotations

Branches:
Dungeon (5/15)
 Temple: D:4-7

Altars:


Innate Abilities, Weirdness & Mutations

You have a pair of horns on your head.
You reflexively headbutt those who attack you in melee.


Message History

You start waiting.
Done waiting.
j - a green potion You open the door.
You open the door. You open the door.
A scorpion comes into view.
Found 7 gold pieces.
There is an open door here.
You close the door.
There is an open door here.
A goblin comes into view. It is wielding a +0 dagger.
The goblin shouts!
A howler monkey comes into view.
The goblin completely misses you.
You barely miss the goblin.
The howler monkey howls!
The goblin hits you with a +0 dagger.
You closely miss the goblin. You headbutt the goblin.
You kill the goblin!
The howler monkey hoots and howls with incredible vigour!
There is an open door here.
You close the door.
A howler monkey opens the door.
The howler monkey hoots and howls with incredible vigour!
Something shouts, "Slither hence, thou clouted tickle-brained boar-pig!"
The howler monkey hits you. The howler monkey closely misses you.
The howler monkey barely misses you.
There is an open door here.
The howler monkey hoots and howls with incredible vigour!
As you read the scroll of fog, it crumbles to dust.
The scroll dissolves into smoke.
The howler monkey hits you.
You feel yourself speed up. The howler monkey hits you.
The howler monkey hoots and howls with incredible vigour!
An iron imp comes into view.
The iron imp shouts!
The howler monkey hoots and howls with incredible vigour!
The iron imp hits you!
Ouch! That really hurt!
You die...

###.......##.#.#..
##.........#.......#
.'.........'.......#
##.........###......
###.......## #.# #
##.....## .# #
##§§§## # .# # ##§##
#.###.## # #§#
#.5@...# #§#
####.#...... ##§##
#.# ##### ##§§§##
#.# #§§§§§# #h#
#####§§.#########.#
..............h...#
######.############
#.#


You could see a howler monkey and an iron imp.

Vanquished Creatures
  An endoplasm (D:4)
  A goblin (D:4)
  A quokka (D:4)
3 creatures vanquished.

Notes
Turn   | Place    | Note
-------+----------+-------------------------------------------
     0 | D:5      | cbfl8 the Minotaur Delver began the quest for the Orb.
     0 | D:5      | Reached XP level 1. HP: 19/19 MP: 0/0
     6 | D:5      | Noticed a scorpion
   496 | D:4      | Noticed a scorpion
   513 | D:4      | Noticed a howler monkey
   556 | D:4      | Noticed an iron imp
   558 | D:4      | Slain by an iron imp

Illustrated notes

Levels and vault maps discovered:
D:4:      layout_loops_corners, chei_slow_surprise
D:5:      layout_rooms, minitemple, minmay_temple_entry_glass, serial_shops,
          shop

Action                   || total
-------------------------++-------
Melee: Hand axe          ||     7
       Headbutt          ||     2
  Use: Scroll            ||     1
       Potion            ||     1
Armor: Leather armour    ||     2
Dodge: Dodged            ||     6
